 Dungeon Sprint DCSS version 0.28.0-43-g3370ac3207 (webtiles) character file.

Game seed: 18021599955057893539

24483 boopmooplesden the Minotaur Blade (level 12, -41/204 HPs)
             Began as a Minotaur Berserker on Mar 15, 2022.
             Was the Champion of Trog.
             Killed by an exploding ball lightning (43 damage)
             ... in the Dungeon (Sprint I: "Red Sonja").
             The game lasted 00:17:09 (6116 turns).

boopmooplesden the Minotaur Blade (MiBe)            Turns: 6116, Time: 00:17:10

Health: -41/204    AC: 30    Str: 21    XL:     12   Next: 81%
Magic:  0/0        EV: 10    Int:  7    God:    Trog [******]
Gold:   3915       SH:  0    Dex: 10    Spells: 11/11 levels left

rFire   . . .      SeeInvis +   v - +1 triple sword (flame)
rCold   + . .      Faith    .   (shield currently unavailable)
rNeg    . . .      Spirit   .   s - +4 plate armour {rC+}
rPois   +          Reflect  .   x - +2 hat
rElec   .          Harm     .   y - +0 cloak
rCorr   .          Rampage  +   t - +0 pair of gloves of Polish {Rampage rPois MP-9 Int+4}
Will    .....      Rage     1%  m - +1 pair of boots {rampage}
Stlth   .......... NoTele   +   (no amulet)
HPRegen 0.44/turn               C - ring "Buefizel" {rPois Int+3 SInv}
MPRegen 0.07/turn               (no ring)

@: berserking (expiring), flying (expiring), studying Fighting, very quick
A: horns 2, retaliatory headbutt, berserk 1, clumsy 1, deterioration 2, dopey 2,
low MP 1, mutation resistance 1, weak 2, no potion heal 1, subdued magic 1
a: Renounce Religion, Berserk, Trog's Hand, Brothers in Arms


You were in the Dungeon.
You worshipped Trog.
Trog was exalted by your worship.
You visited 1 branch You collected 5941 gold pieces.
You spent 2026 gold pieces at shops.

Inventory:

Hand Weapons
 a - a +0 falchion
 d - a +3 battleaxe of flaming
 u - the +5 glaive of the Establishment {vorpal, rCorr}
   (Trog gifted it to you in the Dungeon)

   It inflicts extra damage upon your enemies.
   rCorr:     It protects you from acid and corrosion.
 v - a +1 triple sword of flaming (weapon)
 B - the +7 lajatang of Order {silver, rMut}
   (You found it in the Dungeon)

   It inflicts extra damage upon those it strikes, and deals substantially
   increased damage to chaotic, mutated and magically transformed beings.
   rMut:      It protects you from mutation.
Missiles
 A - 6 javelins (quivered)
Armour
 b - a +0 animal skin
 j - a +1 ring mail of cold resistance
 m - a +1 pair of boots of rampaging (worn)
 o - a +0 hat
 s - a +4 plate armour of cold resistance (worn)
 t - the +0 pair of gloves of Polish (worn) {Rampage rPois MP-9 Int+4}
   (You bought it in a shop in the Dungeon)

   Int:       It affects your intelligence (+4).
   rPois:     It protects you from poison.
   MP:        It affects your magic capacity (-9).
   Rampage:   It bestows one free step when moving towards enemies.
 x - a +2 hat (worn)
 y - a +0 cloak (worn)
Jewellery
 C - the ring "Buefizel" (left hand) {rPois Int+3 SInv}
   (You bought it in a shop in the Dungeon)

   [ring of see invisible]

   Int:       It affects your intelligence (+3).
   rPois:     It protects you from poison.
   SInv:      It lets you see invisible.
Wands
 i - a wand of flame (19)
Scrolls
 n - a scroll of magic mapping
 z - a scroll of identify
Potions
 e - 4 potions of haste
 f - 2 potions of magic
 g - a potion of berserk rage
 k - 2 potions of lignification
 l - a potion of might {unknown}
 w - 4 potions of curing
Miscellaneous
 c - a piece from Xom's chessboard (15/15)
 p - a piece from Xom's chessboard (15/15)
 q - a box of beasts
 r - a phantom mirror


   Skills:
 + Level 21.2 Fighting
 + Level 22.7 Long Blades
 + Level 11.1(12.8) Axes
 + Level 10.2(12.3) Polearms
 + Level 18.0 Armour
 + Level 9.8 Dodging
 + Level 3.6 Stealth


You had 11 spell levels left.
You didn't know any spells.
Your spell library was empty.

Dungeon Overview and Level Annotations

Branches:
Dungeon (1/1)

Altars:
Cheibriados
Dithmenos
Elyvilon
Fedhas
Gozag
Hepliaklqana
Kikubaaqudgha
Makhleb
Nemelex Xobeh
Okawaru
Qazlal
Ru
Sif Muna
Trog
Uskayaw
Vehumet
Wu Jian
Xom
Yredelemnul
Zin
The Shining One
Jiyva
Lugonu

Shops:
D ![[:((?(![[=![[(*[[[*:

Annotations:
D Lom Lobon


Innate Abilities, Weirdness & Mutations

You have a pair of horns on your head.
You reflexively headbutt those who attack you in melee.
You tend to lose your temper in combat.
You are clumsy. (Dex -2)
Your body often deteriorates upon taking damage.
You are very dopey. (Int -4)
Your magical capacity is low. (-10% MP)
You are somewhat resistant to further mutation.
You are very weak. (Str -4)
Potions are less effective at restoring your health.
Your spells are a little easier to cast, but a little less powerful.


Message History

You miss Lom Lobon.
Lom Lobon is moderately wounded.
You are engulfed in freezing vapours.
You resist.
* * * LOW HITPOINT WARNING * * *
Lom Lobon hits you but does no damage.
You slash Lom Lobon! You burn Lom Lobon.
Lom Lobon is moderately wounded.
You are engulfed in freezing vapours.
You resist.
* * * LOW HITPOINT WARNING * * *
x2 Unknown command.
You chop Lom Lobon into pieces!!! You burn Lom Lobon!
Lom Lobon is heavily wounded.
You are engulfed in whirling frost.
Lom Lobon hits you.
* * * LOW HITPOINT WARNING * * *
You closely miss Lom Lobon. Your headbutt misses Lom Lobon.
Lom Lobon is heavily wounded.
You are engulfed in whirling frost.
* * * LOW HITPOINT WARNING * * *
You closely miss Lom Lobon.
Lom Lobon is heavily wounded.
You are engulfed in whirling frost.
Lom Lobon screams, "Surrender, thou wayward rump-fed veal!"
Lom Lobon hits you but does no damage.
You slice Lom Lobon!! You burn Lom Lobon.
Lom Lobon is heavily wounded.
You are engulfed in whirling frost.
* * * LOW HITPOINT WARNING * * *
The winds around Lom Lobon start to calm down.
You are engulfed in whirling frost.
Lom Lobon gestures. 2 ball lightnings come into view.
Really fly into that cloud of freezing vapour?
Okay, then.
You closely miss the ball lightning.
You are engulfed in whirling frost.
The ball lightning explodes!
The blast of lightning engulfs Lom Lobon.
Lom Lobon completely resists.
The blast of lightning engulfs the ball lightning.
The ball lightning completely resists.
The blast of lightning engulfs you!!!
You die...

,,,,***,,○°#≈≈≈≈≈########..○○#
*****,,,,####≈≈≈≈#≈≈≈≈≈#°○.°.#
*^,,°^,,,#..#†≈≈≈'≈≈.≈≈°..○..#
,,,^°°,,,#...##≈≈#≈≈≈≈≈#≈○≈..#
,,,,○.°,,#....######§#####°≈≈#
***,○.○^^#....#§§○§§§§≈≈≈##≈°#
≈,*,○°*..#######&§§§§§≈≈≈≈≈≈≈#
***,°.○&.'):#||§*☼§§§§≈≈≈≈#≈≈#
^,,,,,,,^#)|'))#@§§§§§..≈≈≈#≈#
*********#####################


You could see Lom Lobon (gusty) and a ball lightning (wandering).

Vanquished Creatures
  the Lernaean hydra (D)
  A golden dragon (D)
  A shadow dragon (D)
  A deep elf annihilator (D)
  A lorocyproca (D)
  A mummy priest (D)
  A hydra (D)
  2 centaur warriors (D)
  Sonja (D)
  A deep troll (D)
  A lindwurm (D)
  2 oklob plants (D)
  8 shining eyes (D)
  2 merfolk sirens (D)
  2 gargoyles (D)
  7 unseen horrors (D)
  4 demonic crawlers (D)
  2 kobold demonologists (D)
  A hellwing (D)
  5 hornets (D)
  A slime creature (D)
  Sigmund (D)
  A yak (D)
  13 hogs (D)
  2 redbacks (D)
  7 floating eyes (D)
  7 necrophages (D)
  An ogre (D)
  8 jellies (D)
  Ijyb (D)
87 creatures vanquished.

Vanquished Creatures (others)
  2 ball lightnings (D)
  2 ballistomycete spores (D)
4 creatures vanquished.

Grand Total: 91 creatures vanquished

Notes
Turn   | Place    | Note
-------+----------+-------------------------------------------
     0 | D        | boopmooplesden the Minotaur Berserker began the quest for
                  | the Orb.
     0 | D        | Reached XP level 1. HP: 19/19 MP: 0/0
     1 | D        | Noticed Ijyb
     4 | D        | Killed Ijyb
     5 | D        | Reached skill level 5 in Fighting
     5 | D        | Reached skill level 5 in Long Blades
     5 | D        | Reached XP level 2. HP: 29/29 MP: 1/1
   201 | D        | Noticed an ogre
   204 | D        | Killed an ogre
   205 | D        | Reached skill level 7 in Long Blades
   205 | D        | Reached XP level 3. HP: 40/40 MP: 2/2
   205 | D        | Reached XP level 4. HP: 48/48 MP: 3/3
   290 | D        | Noticed Sigmund
   298 | D        | Killed Sigmund
   298 | D        | Reached ** piety under Trog
   299 | D        | Reached skill level 10 in Long Blades
   299 | D        | Reached XP level 5. HP: 58/58 MP: 4/4
   299 | D        | Reached XP level 6. HP: 66/66 MP: 5/5
   459 | D        | Found a shimmering blue altar of Sif Muna.
   460 | D        | Found an ornate altar of the Wu Jian Council.
   461 | D        | Found a radiant altar of Vehumet.
   464 | D        | Reached skill level 10 in Fighting
   497 | D        | Found Rovut's Book Emporium.
   497 | D        | Found an ancient bone altar of Kikubaaqudgha.
   497 | D        | Found a hazy altar of Hepliaklqana.
   497 | D        | Found a stormy altar of Qazlal.
   497 | D        | Found a hide-covered altar of Uskayaw.
   497 | D        | Found a blossoming altar of Fedhas.
   497 | D        | Found a bloodstained altar of Trog.
   497 | D        | Found an iron altar of Okawaru.
   497 | D        | Found a basalt altar of Yredelemnul.
   497 | D        | Found a glowing golden altar of the Shining One.
   497 | D        | Found a snail-covered altar of Cheibriados.
   497 | D        | Found a sacrificial altar of Ru.
   497 | D        | Found a glowing silver altar of Zin.
   497 | D        | Found a shadowy altar of Dithmenos.
   497 | D        | Found a white marble altar of Elyvilon.
   497 | D        | Noticed a yak
   500 | D        | Killed a yak
   501 | D        | Reached skill level 11 in Long Blades
   501 | D        | Reached skill level 5 in Dodging
   501 | D        | Found an opulent altar of Gozag.
   502 | D        | Found a sparkling altar of Nemelex Xobeh.
   537 | D        | Noticed a centaur warrior
   539 | D        | Noticed a centaur warrior
   549 | D        | Killed a centaur warrior
   550 | D        | Reached skill level 13 in Long Blades
   550 | D        | Reached XP level 7. HP: 26/78 MP: 6/6
   550 | D        | Reached XP level 8. HP: 29/85 MP: 7/7
   553 | D        | Killed a centaur warrior
   553 | D        | Reached *** piety under Trog
   554 | D        | Reached skill level 14 in Long Blades
   554 | D        | Reached skill level 10 in Armour
   554 | D        | Reached skill level 1 in Stealth
   861 | D        | Noticed a deep troll
   867 | D        | Killed a deep troll
   868 | D        | Reached skill level 15 in Long Blades
   868 | D        | Reached XP level 9. HP: 96/96 MP: 8/8
   910 | D        | Found Ruhykhuenu's Armour Emporium.
   918 | D        | Bought a +0 hat for 52 gold pieces
   940 | D        | Paralysed by a hornet for 2 turns
   944 | D        | Reached skill level 15 in Fighting
  1054 | D        | Noticed an oklob plant
  1062 | D        | Killed an oklob plant
  1195 | D        | Reached **** piety under Trog
  1196 | D        | Reached skill level 16 in Long Blades
  1265 | D        | Reached ***** piety under Trog
  1288 | D        | HP: 2/100 [acid (8)]
  1292 | D        | Received a gift from Trog
  1647 | D        | Reached skill level 1 in Axes
  1648 | D        | Killed an unseen horror
  1649 | D        | Reached XP level 10. HP: 63/108 MP: 9/9
  1664 | D        | Found Filasi Umpo's Weapon Shoppe.
  1666 | D        | Found Olla's Antique Armour Boutique.
  1681 | D        | Reached skill level 5 in Axes
  1689 | D        | Found Xede's Distillery.
  1689 | D        | Found Nitug's Antique Armour Emporium.
  1690 | D        | Found Hocvunk's General Store.
  1711 | D        | Found Qyhim's Magic Scroll Shop.
  1995 | D        | Found Sexaomaon's Antique Armour Emporium.
  1995 | D        | Found Coetahil's Antique Armour Shop.
  1995 | D        | Found Zopn's Jewellery Shoppe.
  1995 | D        | Found Giac's Distillery.
  1995 | D        | Found Gioz's Armour Emporium.
  1995 | D        | Found Kybodaeh's Antique Armour Shop.
  1995 | D        | Found Puaf's Antique Weapon Shoppe.
  1996 | D        | Found Houju's General Store.
  2005 | D        | Bought a +2 plate armour of cold resistance for 520 gold
                  | pieces
  2018 | D        | Bought the +0 pair of gloves of Polish {Rampage rPois MP-9
                  | Int+4} for 72 gold pieces
  2064 | D        | Found a burning altar of Makhleb.
  2064 | D        | Found a viscous altar of Jiyva.
  2064 | D        | Found a shimmering altar of Xom.
  2064 | D        | Found a corrupted altar of Lugonu.
  2067 | D        | Reached ****** piety under Trog
  2083 | D        | Paralysed by a floating eye for 2 turns
  2084 | D        | Noticed a rust devil
  2086 | D        | Identified the +5 glaive of the Establishment {vorpal,
                  | rCorr} (Trog gifted it to you in the Dungeon)
  2086 | D        | Received a gift from Trog
  2087 | D        | Paralysed by a floating eye for 3 turns
  2103 | D        | Noticed a gargoyle
  2104 | D        | Reached skill level 1 in Polearms
  2109 | D        | Received a gift from Trog
  2120 | D        | Killed a gargoyle
  2121 | D        | Reached skill level 10 in Axes
  2478 | D        | Noticed Sonja
  2496 | D        | Killed Sonja
  2497 | D        | Reached skill level 5 in Polearms
  2693 | D        | Found Cisint's Distillery.
  2702 | D        | Noticed a shining eye
  2702 | D        | Noticed a shining eye
  2702 | D        | Noticed a shining eye
  2702 | D        | Gained mutation: You tend to lose your temper in combat. [a
                  | shining eye]
  2704 | D        | Noticed a shining eye
  2704 | D        | Noticed a shining eye
  2704 | D        | Noticed a shining eye
  2704 | D        | Gained mutation: You are clumsy. (Dex -2) [a shining eye]
  2706 | D        | Paralysed by a floating eye for 4 turns
  2707 | D        | Gained mutation: Your spells are a little easier to cast,
                  | but a little less powerful. [a shining eye]
  2707 | D        | Gained mutation: You are very clumsy. (Dex -4) [a shining
                  | eye]
  2708 | D        | Gained mutation: You are weak. (Str -2) [a shining eye]
  2709 | D        | Gained mutation: You are dopey. (Int -2) [a shining eye]
  2710 | D        | Gained mutation: Your body sometimes deteriorates upon
                  | taking damage. [a shining eye]
  2711 | D        | Gained mutation: You are very weak. (Str -4) [a shining
                  | eye]
  2711 | D        | Gained mutation: You are very dopey. (Int -4) [a shining
                  | eye]
  2713 | D        | Killed a shining eye
  2714 | D        | Reached XP level 11. HP: 119/119 MP: 1/10
  2714 | D        | Killed a shining eye
  2719 | D        | Killed a shining eye
  2719 | D        | Paralysed by a floating eye for 2 turns
  2720 | D        | Gained mutation: You do not regenerate when monsters are
                  | visible. [a shining eye]
  2721 | D        | Gained mutation: Potions are less effective at restoring
                  | your health. [a shining eye]
  2723 | D        | Noticed a shining eye
  2723 | D        | Noticed a shining eye
  2723 | D        | Gained mutation: Your magical capacity is low. (-10% MP) [a
                  | shining eye]
  2725 | D        | Gained mutation: You sometimes lose the ability to read
                  | scrolls when taking damage. [a shining eye]
  2726 | D        | Killed a shining eye
  2726 | D        | Received a gift from Trog
  2727 | D        | Gained mutation: Your magical capacity is very low. (-20%
                  | MP) [a shining eye]
  2727 | D        | Gained mutation: Your body often deteriorates upon taking
                  | damage. [a shining eye]
  2729 | D        | Killed a shining eye
  2730 | D        | Reached skill level 17 in Long Blades
  2732 | D        | Lost mutation: Your magical capacity is very low. (-20% MP)
                  | [a shining eye]
  2733 | D        | Killed a shining eye
  2737 | D        | Killed a shining eye
  2741 | D        | Killed a shining eye
  2758 | D        | Found Viniut's Weapon Shop.
  2758 | D        | Found Edomoecha's Antique Armour Shoppe.
  2758 | D        | Found Jiullen's Weapon Boutique.
  2758 | D        | Found Ugeig's Antique Armour Emporium.
  2772 | D        | Bought a runed hat for 217 gold pieces
  2772 | D        | Bought a cloak for 139 gold pieces
  2863 | D        | Bought a potion of mutation for 96 gold pieces
  2863 | D        | Lost mutation: You are very clumsy. (Dex -4) [potion of
                  | mutation]
  2863 | D        | Lost mutation: You do not regenerate when monsters are
                  | visible. [potion of mutation]
  2863 | D        | Lost mutation: You sometimes lose the ability to read
                  | scrolls when taking damage. [potion of mutation]
  2863 | D        | Gained mutation: You are somewhat resistant to further
                  | mutation. [potion of mutation]
  2873 | D        | Bought a +1 pair of boots of rampaging for 214 gold pieces
  2944 | D        | Noticed a lindwurm
  2952 | D        | Killed a lindwurm
  3004 | D        | Received a gift from Trog
  3005 | D        | Reached skill level 10 in Polearms
  3015 | D        | Reached skill level 18 in Long Blades
  3018 | D        | Received a gift from Trog
  3044 | D        | Noticed a daeva
  3065 | D        | Received a gift from Trog
  3066 | D        | Reached skill level 19 in Long Blades
  3066 | D        | Reached skill level 15 in Armour
  3384 | D        | Noticed a 12-headed hydra
  3389 | D        | Killed an eight-headed hydra
  3389 | D        | Paralysed by a floating eye for 3 turns
  3921 | D        | Noticed a shadow dragon
  3921 | D        | Noticed a golden dragon
  3940 | D        | Killed a shadow dragon
  3941 | D        | Reached skill level 20 in Long Blades
  3941 | D        | Reached XP level 12. HP: 70/132 MP: 0/9
  3945 | D        | Killed a golden dragon
  3945 | D        | Received a gift from Trog
  4320 | D        | Found Fueryfe's Book Shoppe.
  4401 | D        | Killed a lorocyproca
  4402 | D        | Reached skill level 21 in Long Blades
  4764 | D        | Bought the ring "Buefizel" {rPois Int+3 SInv} for 390 gold
                  | pieces
  4770 | D        | Bought a scroll of enchant armour for 97 gold pieces
  4770 | D        | Bought a scroll of blinking for 97 gold pieces
  4836 | D        | Noticed a deep elf annihilator
  4980 | D        | Noticed a mummy priest
  4984 | D        | Killed a deep elf annihilator
  4984 | D        | Received a gift from Trog
  5276 | D        | Bought a potion of curing for 33 gold pieces
  5276 | D        | Bought 2 potions of curing for 66 gold pieces
  5276 | D        | Bought a potion of flight for 33 gold pieces
  5347 | D        | Killed a mummy priest
  5348 | D        | Reached skill level 22 in Long Blades
  5406 | D        | Received a gift from Trog
  5640 | D        | Noticed the 27-headed Lernaean hydra
  5650 | D        | Killed the 21-headed Lernaean hydra
  5842 | D        | Found the +7 lajatang of Order {silver, rMut}
  6086 | D        | Identified the +0 mace of Noliv {freeze, *Noise Will+
                  | Int+2}
  6088 | D        | Noticed Lom Lobon
  6114 | D        | HP: 1/204 [Lom Lobon/vortex (16)]
  6116 | D        | Killed by an exploding ball lightning

Illustrated notes

Levels and vault maps discovered:
D:        dungeon_sprint_1 [red_sonja_temple_1, red_sonja_temple_small_1]

Skill      XL: |  1  2  3  4  5  6  7  8  9 10 11 12 |
---------------+-------------------------------------+-----
Fighting       | 5 7 9 12 14 16 18 19 21 | 21.2
Long Blades    | 5 7 10 13 15 16 20 22 | 22.7
Armour         | 3 4 6 9 10 12 13 15 18 | 18.0
Dodging        | 3 4 6 7 8 9 |  9.8
Stealth        | 1 2 3 |  3.6
Axes           | 3 10 11 | 11.1
Polearms       | 6 10 | 10.2

Action                   |  1- 3 |  4- 6 |  7- 9 | 10-12 || total
-------------------------+-------+-------+-------+-------++-------
Melee: Falchion          |     4 |    14 |    48 |       ||    66
       Headbutt          |       |     3 |    12 |    46 ||    61
       Battleaxe         |       |       |    12 |    20 ||    32
       Glaive            |       |       |       |    18 ||    18
       Triple sword      |       |       |       |   163 ||   163
Invok: Berserk           |     2 |     3 |     5 |    10 ||    20
  Use: Potion            |       |       |     1 |     6 ||     7
       Scroll            |       |       |       |     9 ||     9
 Stab: Sleeping          |       |       |     1 |       ||     1
Armor: Ring mail         |       |     5 |    20 |     7 ||    32
       Plate armour      |       |       |       |   284 ||   284
Dodge: Dodged            |     1 |     9 |    40 |   105 ||   155
